 Dungeon Crawl Stone Soup version 0.24.0-125-gc4c63601f3 (webtiles) character file.

Game seed: 7781043089090413374, levelgen mode: deterministic

1776 Electrofox the Cleaver (level 8, -10/64 HPs)
             Began as a Minotaur Abyssal Knight on Mar 18, 2020.
             Was a Priest of Lugonu.
             Mangled by an ogre
             ... wielding a +0 giant club
              (21 damage)
             ... on level 6 of the Dungeon.
             The game lasted 00:45:56 (8018 turns).

Electrofox the Cleaver (Minotaur Abyssal Knight)    Turns: 8018, Time: 00:45:56

Health: -10/64     AC: 13    Str: 20    XL:     8   Next: 81%
Magic:  8/8        EV:  6    Int:  9    God:    Lugonu [***...]
Gold:   240        SH:  0    Dex:  9    Spells: 7/7 levels left

rFire    + . .     SeeInvis .   a - +0 war axe
rCold    + . .     Gourm    .   (no shield)
rNeg     . . .     Faith    .   D - +0 plate armour
rPois    .         Spirit   .   (helmet restricted)
rElec    .         Reflect  .   m - scarf {rC+ rF+}
rCorr    +         Harm     .   t - +0 pair of gloves
MR       .....                  p - +0 pair of boots
Stlth    ..........             (no amulet)
HPRegen  0.20/turn              j - ring of resist corrosion
MPRegen  0.11/turn              l - ring of wizardry

@: no status effects
A: retaliatory headbutt, horns 2
a: Depart the Abyss, Bend Space, Banish, Renounce Religion


You were on level 6 of the Dungeon.
You worshipped Lugonu.
Lugonu was most pleased with you.
You were not hungry.

You visited 1 branch of the dungeon, and saw 7 of its levels.
You visited the Abyss 1 time.

You collected 240 gold pieces.

Inventory:

Hand Weapons
 a - a +0 war axe (weapon)
 b - a +2 longbow of velocity
 w - a +2 shortbow of freezing
Missiles
 d - 10 poisoned darts (quivered)
 f - 74 arrows
 y - 5 atropa-tipped darts
Armour
 m - a scarf of resistance (worn)
 p - a +0 pair of boots (worn)
 t - a +0 pair of gloves (worn)
 D - a +0 plate armour (worn)
Jewellery
 j - a ring of resist corrosion (left hand)
 l - a ring of wizardry (right hand)
Wands
 o - a wand of disintegration (5)
 q - a wand of acid (10)
 v - a wand of scattershot (6)
 E - a wand of flame (12)
Scrolls
 e - a scroll of enchant weapon {unknown}
 u - a scroll of blinking {unknown}
 x - a scroll of teleportation {unknown}
 z - a scroll of remove curse
 B - a scroll of random uselessness {unknown}
Potions
 g - 2 potions of resistance
 h - 2 potions of curing
 k - 3 potions of agility
 n - a potion of berserk rage
 r - a potion of mutation {unknown}
 s - 2 potions of heal wounds
 A - 2 potions of might
Comestibles
 c - 11 rations
 i - a chunk of flesh


   Skills:
 - Level 3.6 Fighting
 + Level 11.0 Axes
 * Level 7.2 Bows
 - Level 2.4 Armour
 - Level 1.1 Dodging
 - Level 1.9 Invocations


You had 7 spell levels left.
You didn't know any spells.
Your spell library contained the following spells:

 Spells                   Type           Power        Failure   Level  Hunger
 Animate Skeleton         Necr           N/A          99%         1    ##.....
 Apportation              Tloc           #.....       99%         1    ##.....
 Confusing Touch          Hex            #.....       99%         1    ##.....
 Summon Small Mammal      Summ           #...         99%         1    ##.....


Dungeon Overview and Level Annotations

Branches:
Dungeon (7/15)
 Temple: D:4-7

Altars:
Gozag
Hepliaklqana
Nemelex Xobeh
The Shining One


Innate Abilities, Weirdness & Mutations

You reflexively headbutt those who attack you in melee.
You have a pair of horns on your head.


Message History

The ogre is heavily wounded.
You hit the crimson imp. The ogre hits you with a +0 giant club!
* * * LOW HITPOINT WARNING * * *
The crimson imp hits you but does no damage.
You hit the ogre.
The ogre is heavily wounded.
You hit the crimson imp.
You kill the crimson imp!
Lugonu accepts your kill. The ogre hits you with a +0 giant club.
* * * LOW HITPOINT WARNING * * *
You feel much better.
The ogre hits you with a +0 giant club!!
* * * LOW HITPOINT WARNING * * *
You hit the ogre.
The ogre is severely wounded.
You hit the ogre but do no damage.
The ogre is almost dead.
The ogre hits you with a +0 giant club!!
You die...

#......#
##.....## ##.###
#...#..# ##...##
#.# #...#..#
##'##### #.#
#...#..#
#.###.###.#
#...#..#
####.##...##.#
#...#..#
#............#
#...#..#
#.#.......####
#......#
#..[.....##
###.####
#..@O..###
#...#####..#.#.#
##...รท.....###.#
########.## #.#
#.####.# #......#
########


You could see an ogre.

Vanquished Creatures
  A hippogriff (D:5)
  An ice beast (D:6)
  A phantom (D:6)
  3 ogres
  2 centaurs
  4 bullfrogs
  2 wights (D:6)
  4 crimson imps
  A howler monkey (D:4)
  A quasit (D:6)
  4 hounds
  2 centaur skeletons (D:5)
  An orc wizard (D:3)
  2 worker ants
  A hound zombie (D:6)
  A hound skeleton (D:6)
  A worker ant zombie (D:5)
  A howler monkey skeleton (D:7)
  7 adders
  A shadow imp (D:6)
  2 worms
  4 leopard geckos
  11 orcs
  A ball python (D:4)
  2 giant cockroaches (D:3)
  8 goblins
  7 hobgoblins
  13 jackals
  5 kobolds
  4 quokkas
  4 bats
  A frilled lizard (D:2)
  9 rats
112 creatures vanquished.

Notes
Turn   | Place    | Note
-------+----------+-------------------------------------------
     0 | Abyss:1  | Electrofox the Minotaur Abyssal Knight began the quest for
                  | the Orb.
     0 | Abyss:1  | Reached XP level 1. HP: 19/19 MP: 1/1
    27 | Abyss:1  | Noticed a raiju
    28 | D:1      | Escaped the Abyss
   181 | D:1      | Reached skill level 3 in Axes
   301 | D:1      | Reached XP level 2. HP: 15/26 MP: 2/2
   476 | D:1      | Reached * piety under Lugonu
  1120 | D:2      | Reached skill level 4 in Axes
  1156 | D:2      | Reached XP level 3. HP: 27/31 MP: 3/3
  1708 | D:3      | Found an opulent altar of Gozag.
  1744 | D:3      | Reached skill level 5 in Axes
  1913 | D:3      | Reached ** piety under Lugonu
  2028 | D:3      | Reached XP level 4. HP: 29/39 MP: 4/4
  2918 | D:3      | Reached skill level 6 in Axes
  3331 | D:3      | Reached XP level 5. HP: 45/45 MP: 5/5
  3664 | D:4      | Reached skill level 7 in Axes
  4310 | D:4      | Reached XP level 6. HP: 42/51 MP: 6/6
  4460 | D:5      | Entered Level 5 of the Dungeon
  4555 | D:5      | Reached skill level 8 in Axes
  4608 | D:5      | Found a sparkling altar of Nemelex Xobeh.
  4657 | D:5      | Noticed a hippogriff
  5384 | D:5      | Killed a hippogriff
  5384 | D:5      | Reached skill level 9 in Axes
  5384 | D:5      | Reached XP level 7. HP: 26/57 MP: 7/7
  5679 | D:5      | Reached skill level 1 in Bows
  5836 | D:5      | Found a hazy altar of Hepliaklqana.
  5871 | D:5      | Reached skill level 10 in Axes
  6192 | D:5      | Found a glowing golden altar of the Shining One.
  6538 | D:6      | Reached XP level 8. HP: 59/64 MP: 8/8
  6931 | D:6      | Reached skill level 5 in Bows
  7862 | D:7      | Reached *** piety under Lugonu
  7862 | D:7      | Reached skill level 11 in Axes
  8018 | D:6      | Mangled by an ogre

Levels and vault maps discovered:
D:1:      dpeg_arrival_snail, layout_loops_ring
D:2:      layout_rooms
D:3:      layout_loops_cross, grunt_gozag_statues
D:4:      layout_basic, first_ration, hangedman_decor_points
D:5:      layout_basic, kennysheep_mini_moat, nemelex_xobeh_ov_fountains_minmay,
          overflow_temple_1_default
D:6:      layout_loops_corners
D:7:      layout_rooms, grunt_dithmenos_smoke, temple_fountains

Skill      XL: |  1  2  3  4  5  6  7  8 |
---------------+-------------------------+-----
Axes           | 3 4 5 6 7 9 10 11 | 11.0
Bows           | 4 7 |  7.2
Fighting       | |  3.6
Armour         | |  2.4
Dodging        | |  1.1
Invocations    | |  1.9

Action                   |  1- 3 |  4- 6 |  7- 9 || total
-------------------------+-------+-------+-------++-------
Melee: Hand axe          |   109 |   131 |    19 ||   259
       Headbutt          |    10 |    17 |    17 ||    44
       War axe           |       |       |    87 ||    87
 Fire: Longbow           |       |     2 |    35 ||    37
Throw: Dart              |     9 |    32 |    19 ||    60
Invok: Depart the Abyss  |     1 |       |       ||     1
       Bend Space        |       |     4 |       ||     4
  Use: Scroll            |       |     8 |     3 ||    11
       Potion            |       |       |     1 ||     1
  Eat: Chunk             |     3 |     6 |     3 ||    12
       Ration            |       |     2 |     1 ||     3
Armor: Leather armour    |    19 |     9 |       ||    28
       Ring mail         |       |     7 |       ||     7
       Scale mail        |       |    46 |     5 ||    51
       Plate armour      |       |       |    52 ||    52
Dodge: Dodged            |    68 |    71 |    44 ||   183
